 Dungeon Crawl Stone Soup version 0.32-a0-975-g85d4e5bfdb (webtiles) character file.

Game seed: 13428076431015080759

334722 jasper the Brawler (level 20, -13/228 HPs)
             Began as a Demonspawn Reaver on Apr 19, 2024.
             Was an Initiate of Gozag.
             Killed from afar by a deep elf sorcerer (26 damage)
             ... with a bolt of acid
             ... on level 3 of the Elven Halls.
             The game lasted 01:24:07 (38685 turns).

jasper the Brawler (Demonspawn Reaver)             Turns: 38685, Time: 01:24:08

Health: -13/228    AC: 33    Str: 20    XL:     20   Next: 94%
Magic:  23/23      EV: 14    Int: 10    God:    Gozag
Gold:   6281       SH: 11    Dex: 13    Spells: 17/23 levels left

rFire   . .          .
                       - Unarmed
rCold   + . .        o - +0 kite shield
rNeg    + + .        (body armour currently unavailable)
rPois   ∞            (helmet unavailable)
rElec   +            (cloak unavailable)
rCorr   .            (gloves currently unavailable)
SInv    .            (boots unavailable)
Will    +++..        P - amulet of regeneration
Stlth   ++           c - ring "Puimug" {rN+ Will++ Int-4}
HPRegen 1.38/turn    z - ring of the Firefly {rC+ AC+4 Stlth+}
MPRegen 0.18/turn

%: no passive effects
@: statue-form, studying 3 skills, very slow
A: slow and powerful, torment resistance 1, boosted hp, hooves 3, horns 3,
demonic guardian 2, icemail 2, condensation shield, weakness stinger 3
}: 2/15 runes: decaying, serpentine
a: Begin Untransformation, Renounce Religion, Potion Petition, Call Merchant,
Bribe Branch


You were on level 3 of the Elven Halls.
You worshipped Gozag.
Gozag was greatly pleased with you.
You were a living statue of rough stone.
You visited 8 branches of the dungeon, and saw 37 of its levels.
You visited 1 bazaar.
You also visited: Gauntlet.

You collected 16149 gold pieces.
You spent 8355 gold pieces at shops.
You paid 1513 gold pieces to Gozag.

Inventory:

Missiles
 J - a throwing net
 T - 7 javelins
 Z - 15 silver javelins
Armour
 o - a +0 kite shield (worn)
 K - a +0 tower shield
 Q - the +18 shield of the Gong {Loud rN+ Will+ rCorr EV-5}
   (You bought it in a shop on level 2 of the Orcish Mines)

   Loud:      It is deafeningly noisy when blocking attacks.
   EV-5:      It affects your evasion (-5).
   rN+:       It protects you from negative energy.
   Will+:     It increases your willpower.
   rCorr:     It protects you from acid and corrosion.
Jewellery
 c - the ring "Puimug" (left fist) {rN+ Will++ Int-4}
   (You found it on level 2 of the Lair of Beasts)

   [ring of positive energy]

   Int-4:     It affects your intelligence (-4).
   rN+:       It protects you from negative energy.
   Will++:    It greatly increases your willpower.
 d - a ring of ice
 e - a +4 ring of slaying
 j - an amulet of the acrobat
 n - a ring of protection from fire
 r - a ring of protection from cold
 z - the ring of the Firefly (right fist) {rC+ AC+4 Stlth+}
   (You found it on level 15 of the Dungeon)

   [ring of protection]

   AC+4:      It affects your AC (+4).
   rC+:       It protects you from cold.
   Stlth+:    It makes you more stealthy.
 H - the amulet of the Middle {Faith rC++ Stlth+}
   (You found it on level 12 of the Dungeon)

   [amulet of faith]

   Faith:     It allows you to gain divine favour quickly.
   rC++:      It greatly protects you from cold.
   Stlth+:    It makes you more stealthy.
 M - a ring of willpower
 P - an amulet of regeneration (around neck)
 X - a ring of protection from fire
Talismans
 B - a granite talisman (active)
Wands
 b - a wand of polymorph (10)
 i - a wand of digging (11)
 p - a wand of flame (42)
 v - a wand of mindburst (19)
 x - a wand of iceblast (21)
Scrolls
 f - 2 scrolls of summoning
 h - 2 scrolls of immolation
 k - 2 scrolls of poison
 m - 18 scrolls of teleportation
 q - 6 scrolls of blinking
 s - 2 scrolls of noise
 u - 4 scrolls of vulnerability
 y - 6 scrolls of revelation
 G - 6 scrolls of fear
 R - 4 scrolls of enchant armour
 U - 4 scrolls of fog
 Y - a scroll of silence
Potions
 a - 3 potions of invisibility
 g - 6 potions of haste
 l - 9 potions of brilliance
 t - 4 potions of mutation
 w - 5 potions of cancellation
 A - 13 potions of attraction
 C - 10 potions of heal wounds
 D - 7 potions of curing
 F - 3 potions of ambrosia
 I - 6 potions of enlightenment
 L - 6 potions of resistance
 N - 7 potions of might
 O - 6 potions of berserk rage
 V - 4 potions of lignification
 W - 3 potions of magic
Miscellaneous
 S - a condenser vane


   Skills:
 + Level 19.6 Fighting
 - Level 2.6 Long Blades
 - Level 10.0 Dodging
 + Level 10.4 Shields
 * Level 20.6 Unarmed Combat
 - Level 2.0 Spellcasting
 - Level 3.0 Conjurations
 - Level 8.5 Ice Magic
 + Level 17.8 Shapeshifting


You had 17 spell levels left.
You knew the following spells:

 Your Spells              Type           Power      Damage    Failure   Level
b - Ozocubu's Armour      Ice            18%        N/A       5%          3
d - Swiftness             Air            1%         N/A       86%         3

Your spell library contained the following spells:

 Spells                   Type           Power      Damage    Failure   Level
 Frozen Ramparts          Ice            36%        1d6       5%          3
 Ensorcelled Hibernation  Hex/Ice        18%        N/A       16%         2
 Hailstorm                Conj/Ice       12%        3d6       16%         3
 Magic Dart               Conj           28%        1d4       17%         1
 Searing Ray              Conj           14%        2d5       26%         2
 Foxfire                  Conj/Fire      16%        2x1d4     30%         1
 Kiss of Death            Conj/Necr      16%        2d6       30%         1
 Shock                    Conj/Air       16%        1d4       30%         1
 Summon Ice Beast         Ice/Summ       9%         N/A       30%         3
 Momentum Strike          Conj/Tloc      8%         3d8       43%         2
 Necrotise                Necr           4%         1d4       50%         1
 Jinxbite                 Hex            2%         N/A       65%         2
 Mercury Vapours          Alch/Air       2%         N/A       65%         2
 Stone Arrow              Conj/Erth      8%         3d7       67%         3
 Mephitic Cloud           Conj/Alch/Air  3%         N/A       75%         3
 Inner Flame              Hex/Fire       1%         N/A       86%         3
 Passwall                 Erth           1%         N/A       86%         3
 Vampiric Draining        Necr           1%         2d6       86%         3
 Metabolic Englaciation   Hex/Ice        4%         N/A       95%         5
 Fulminant Prism          Conj/Alch      2%         3d5       97%         4
 Freezing Cloud           Conj/Ice/Air   4%         6-21      97%         5
 Airstrike                Air            0%         2d(1-17)  99%         4
 Animate Armour           Summ/Erth      2%         N/A       99%         4
 Cause Fear               Hex            0%         N/A       99%         4
 Martyr's Knell           Necr/Summ      1%         N/A       99%         4
 Petrify                  Alch/Erth      1%         N/A       99%         4
 Summon Blazeheart Golem  Fire/Summ      1%         N/A       99%         4
 Curse of Agony           Necr           1%         N/A       100%        5
 Fireball                 Conj/Fire      2%         3d4       100%        5
 Irradiate                Conj/Alch      2%         3d12      100%        5
 Lee's Rapid Deconstruct  Erth           0%         3d4*      100%        5
 Summon Forest            Summ/Tloc      0%         N/A       100%        5
 Yara's Violent Unravell  Hex/Alch       0%         3d3       100%        5
 Eringya's Noxious Bog    Alch           0%         4d6       100%        6
 Permafrost Eruption      Ice/Erth       4%         2x4d2     100%        6
 Plasma Beam              Fire/Air       0%         2x1d10    100%        6
 Sculpt Simulacrum        Ice/Alch       4%         N/A       100%        6
 Starburst                Conj/Fire      2%         6d3       100%        6
 Enfeeble                 Hex            0%         N/A       100%        7
 Magnavolt                Erth/Air       0%         3d9       100%        7
 Orb of Destruction       Conj           3%         9d5       100%        7
 Seismic Cannonade        Alch/Erth      0%         6d4       100%        7
 Spellforged Servitor     Conj/Summ      2%         N/A       100%        7
 Summon Hydra             Summ           0%         N/A       100%        7
 Fulsome Fusillade        Conj/Alch      2%         (3-5)d4   100%        8
 Ignition                 Fire           0%         3d3       100%        8
 Lehudib's Crystal Spear  Conj/Erth      2%         10d2      100%        8
 Dragon's Call            Summ           0%         N/A       100%        9
 Shatter                  Erth           0%         3d5*      100%        9


Dungeon Overview and Level Annotations

Branches:
Dungeon (15/15)            Temple (1/1) D:4            Lair (5/5) D:9
  Swamp (4/4) Lair:2        Snake (4/4) Lair:3        Slime (0/5) Lair:4
    Orc (2/2) D:12            Elf (3/3) Orc:2        Vaults (3/5) D:13
  Crypt (0/3) Vaults:2     Depths (0/4) D:15        Gauntlet (visited)

Altars:
Ashenzari
Cheibriados
Dithmenos
Fedhas
Gozag
Hepliaklqana
Kikubaaqudgha
Makhleb
Nemelex Xobeh
Okawaru
Qazlal
Ru
Sif Muna
Trog
Uskayaw
Vehumet
Wu Jian
Xom
Yredelemnul
Jiyva

Shops:
D:5 :   D:7 (   D:14 *   Orc:2 [=(**   Elf:1 (   Elf:2 *   Elf:3 [[[
Lair:2 ?[   Snake:2 [:!(   Snake:3 !   Vaults:3 ?

Portals:
Trove: D:12 (give +3 shadow dragon scales)

Annotations:
D:5 1 runed translucent door, Crazy Yiuf
D:13 2 transporters, Qaeguxoz's ghost, journeyman MDNe
Lair:5 exclusion: 2 oklob plants
Snake:3 2 transporters, araganzar's ghost, adept DsRe
Elf:2 3 runed translucent doors
Elf:3 1 exclusion


Innate Abilities, Weirdness & Mutations

You are a living statue of rough stone.
Your actions are slow, but your melee attacks are powerful.
You are resistant to unholy torment.
Your maximum health is greatly increased.
Your equipment is partially melded.
You are immune to poison.
You have hooves in place of feet.
You have a pair of large horns on your head.
A demonic guardian rushes to your aid.
A meltable icy envelope protects you from harm. (AC +0)
A meltable shield of frost defends you. (SH +0)
You have a sharp stinger which inflicts weakening toxins.


Message History

Your kick misses the deep elf elementalist.
The deep elf elementalist is moderately wounded.
Your balrug gestures at the deep elf elementalist.
The pyre arrow hits the deep elf elementalist.
The deep elf elementalist points next to you and mumbles some strange words.
The wall shatters!
The blast of rock fragments hits you but does no damage.
Your balrug hits the deep elf elementalist with a +1 demon whip of freezing!
The deep elf elementalist is engulfed in flames!!
Your balrug freezes the deep elf elementalist.
You regained 2 hp, and now have 101/228 hp.
You closely miss the deep elf elementalist.
You kick the deep elf elementalist!
You kill the deep elf elementalist!
A deep elf elementalist comes into view.
It is wielding a +0 rapier.
You regained 2 hp, and now have 104/228 hp.
A deep elf elementalist is nearby!
A deep elf elementalist is nearby!
The deep elf elementalist mumbles some strange words.
The deep elf elementalist seems to speed up.
A deep elf sorcerer comes into view. It is wielding a +2 dagger of speed.
Things that are here:
7 gold pieces; a +0 long sword; a +0 leather armour You regained 2 hp, and now have 106/228 hp.
The deep elf elementalist casts a spell at you.
You shatter!!!
* * * LOW HITPOINT WARNING * * *
The blast of rock fragments hits your balrug!
Your balrug gestures at the deep elf elementalist.
The fireball explodes!
The fireball engulfs the deep elf elementalist!!
The fireball engulfs the deep elf sorcerer!!
The deep elf elementalist points at you and mumbles some strange words.
You shatter!!!
* * * LOW HITPOINT WARNING * * *
The blast of rock fragments hits your balrug!
The deep elf sorcerer casts a spell at you.
The bolt of acid hits you!!
You die...
Your body crumbles into a pile of gold.

**,** ###.#### #... **,**
##$#######... **,**
##............
#####.###########$..#######...
####.###########$$$## ##...
####.######..###.$.## ##.#..
#.#.##.####..##.$.## ##.##..
*#.###.###.....$.## ##.#####
##.#.##.##.....I.## ##.##
*#..............<.# ##.##
*,#####..#<)....2.# ##.## ****
,**#####.##)...ee## ##.## **,,**
########.........#####.#####..,,*
....))))[.................[..^,,,
#########.###..#####.######...,,,
########.##########....## **,,,,*
..#####.##########......# **,,**


You could see a deep elf sorcerer, a deep elf elementalist (fast, repels
missiles, distracted, ally target) and a friendly balrug (summoned).

Vanquished Creatures
  Nikola (Snake:1)
  A tentacled monstrosity (Swamp:2)
  Rupert (D:15)
  Asterion (Snake:1)
  A quicksilver dragon (Snake:4)
  2 deep elf master archers (Elf:3)
  2 deep elf blademasters (Elf:3)
  A sphinx (Vaults:1)
  Kirke (D:12)
  A thorn hunter (Swamp:4)
  Agnes (D:14)
  Aizul (Snake:1)
  Donald (Snake:1)
  A tengu reaver (Vaults:1)
  Roxanne (D:15)
  9 nagarajas (Snake:4)
  An iron dragon (Vaults:1)
  11 vault wardens
  A deep elf sorcerer (Elf:3)
  A fire giant (Vaults:3)
  Louise (Snake:1)
  2 deep elf elementalists (Elf:3)
  2 ghouls (Swamp:3)
  2 orc warlords
  11 ironbound preservers
  8 ironbound thunderhulks
  A formless jellyfish (Vaults:2)
  A very ugly thing (Vaults:3)
  Nessos (D:14)
  3 deep elf annihilators
  3 deep elf death magi (Elf:3)
  2 deep elf demonologists (Elf:3)
  4 eleionomae (Swamp:3)
  4 bunyips
  2 minotaurs
  The ghost of Juseph the Severer, a journeyman HOFi (Lair:3)
  13 dire elephants
  An ettin (D:15)
  An entropy weaver (Vaults:3)
  A jiangshi (Vaults:2)
  An entropy weaver (shapeshifter) (D:14)
  2 yaktaur captains
  2 shambling mangroves
  3 deep elf high priests
  8 great orbs of eyes
  3 ghost crabs
  3 rakshasas
  Erolcha (D:11)
  22 hydras
  8 vault guards
  6 salamander tyrants
  9 anacondas
  5 boulder beetles
  10 alligators
  A death knight (D:12)
  6 ironbound frosthearts
  2 catoblepae
  13 centaur warriors
  3 tengu warriors (D:15)
  12 death yaks
  4 two-headed ogres
  14 dancing weapons
  A vampire mage (Vaults:2)
  8 naga sharpshooters
  3 orc high priests (Orc:2)
  4 shock serpents
  11 deep elf knights
  8 naga warriors
  Urug (Lair:1)
  4 skysharks
  A sixfirhy (Gauntlet)
  5 salamander mystics
  14 deep elf archers
  14 skeletal warriors
  2 spriggan druids (Swamp:3)
  Nergalle (Orc:1)
  Lodul (D:10)
  7 mana vipers
  8 arcanists
  34 deep trolls
  7 goliath frogs
  8 swamp dragons
  2 glowing orange brains (Vaults:1)
  A bog body (Lair:2)
  5 naga ritualists
  15 ironbound convokers
  A phantasmal warrior (Vaults:2)
  21 deep elf zephyrmancers
  A necromancer (Vaults:2)
  15 lindwurms
  2 thermic dynamos (Elf:2)
  A harpy (shapeshifter) (D:12)
  19 ugly things
  16 deep elf pyromancers
  A wolf spider (D:12)
  8 orc knights
  An orc sorcerer (Orc:2)
  6 will-o-the-wisps
  4 manticores
  A salamander (shapeshifter) (D:9)
  12 elephants
  6 cyclopes
  11 salamanders
  3 guardian serpents
  A meliai (D:12)
  2 meliai (shapeshifter) (D:15)
  A torpor snail (Lair:5)
  33 black mambas
  A gargoyle (D:12)
  8 vault sentinels
  4 kobold blastminers
  13 naga magi
  An unseen horror (D:9)
  A rime drake (Lair:3)
  19 cane toads
  A freezing wraith (D:12)
  11 yaktaurs
  13 komodo dragons
  5 trolls
  6 tyrant leeches
  A polar bear (shapeshifter) (D:14)
  11 polar bears
  19 hornets
  18 blink frogs
  5 dream sheep
  A dream sheep (shapeshifter) (D:9)
  41 slime creatures
  3 air elementals
  3 centaur simulacra
  22 spriggans
  A spriggan (shapeshifter) (D:14)
  A culicivora (shapeshifter) (Elf:3)
  5 wraiths
  4 fire elementals
  5 humans (D:8)
  2 water elementals
  37 yaks
  2 wyverns
  A steam dragon (D:4)
  2 basilisks
  A warg (Orc:1)
  Grum (D:10)
  7 hogs (D:12)
  Menkaure (D:6)
  An acid dragon (D:10)
  13 swamp worms
  43 nagas
  A hydra simulacrum (Gauntlet)
  10 water moccasins
  6 swamp drakes
  A meliai simulacrum (Gauntlet)
  4 sky beasts
  38 orc warriors
  4 black bears
  A black bear (shapeshifter) (D:14)
  2 ice beasts (D:6)
  5 boggarts (Lair:5)
  8 ogres
  26 wolves
  9 centaurs
  3 phantoms (D:7)
  A kobold brigand (D:9)
  12 bullfrogs
  A scorpion (D:4)
  2 earth elementals (Elf:1)
  2 gnoll sergeants
  3 wights
  8 killer bees
  4 electric eels
  7 howler monkeys
  5 crimson imps (D:10)
  A bullfrog zombie (D:7)
  2 wyvern simulacra (D:7)
  3 bombardier beetles
  5 hounds
  10 orc priests
  A bullfrog skeleton (D:7)
  10 jellies
  5 scrub nettles
  9 iguanas
  7 hell rats
  20 orc wizards
  7 gnolls
  10 river rats (Lair:2)
  6 adders
  5 white imps
  7 ufetubi
  2 dart slugs (D:1)
  74 orcs
  4 ball pythons
  9 endoplasms
  5 giant cockroaches
  8 goblins
  5 hobgoblins
  A quokka (D:2)
  3 bats
  A frilled lizard (D:1)
  10 kobolds
  3 rats
1303 creatures vanquished.

Vanquished Creatures (collateral kills)
  A vault warden (Vaults:2)
  An ironbound thunderhulk (Vaults:3)
  A deep elf death mage (Elf:3)
  A vault guard (Vaults:2)
  A hydra (Lair:5)
  A two-headed ogre (D:9)
  A boulder beetle (Lair:1)
  A centaur warrior (D:12)
  A naga sharpshooter (Snake:1)
  A goliath frog (Swamp:1)
  An ironbound convoker (Vaults:2)
  A deep elf pyromancer (Elf:1)
  An orc sorcerer (Orc:1)
  3 salamanders
  A torpor snail (Lair:3)
  A hornet (Swamp:1)
  A blink frog (Lair:1)
  A slime creature (Vaults:3)
  A spriggan (Swamp:1)
  2 water moccasins (Lair:3)
  A centaur (D:15)
  2 bullfrogs (Lair:1)
  A killer bee (D:7)
  An orc (Orc:1)
28 creatures vanquished.

Vanquished Creatures (others)
  An alligator (Swamp:3)
  An occultist (D:13)
  A deep elf knight (Elf:3)
  2 goliath frogs (Swamp:3)
  Pikel (D:7)
  2 bloated husks
  4 hornets (Swamp:3)
  2 spriggans
  A swamp worm (Swamp:4)
  A swamp drake (Swamp:4)
  4 ogres (D:10)
  An orc (Orc:2)
  23 foxfires
44 creatures vanquished.

Grand Total: 1375 creatures vanquished

Notes
Turn   | Place    | Note
-------+----------+-------------------------------------------
     0 | D:1      | jasper the Demonspawn Reaver began the quest for the Orb.
     0 | D:1      | Reached XP level 1. HP: 16/16 MP: 3/3
   220 | D:1      | Discovered your monstrous ancestry.
   220 | D:1      | Gained mutation: You have a small tail. [demonic ancestry]
   220 | D:1      | Reached XP level 2. HP: 23/23 MP: 5/5
   582 | D:1      | Reached skill level 1 in Unarmed Combat
   845 | D:2      | Gained mutation: You have large cloven feet. [demonic
                  | ancestry]
   845 | D:2      | Reached XP level 3. HP: 29/29 MP: 6/6
  1497 | D:3      | Reached skill level 2 in Unarmed Combat
  1542 | D:2      | Gained mutation: You have a pair of small horns on your
                  | head. [demonic ancestry]
  1542 | D:2      | Reached XP level 4. HP: 14/35 MP: 7/7
  2150 | D:4      | Noticed a bullfrog
  2155 | D:4      | Killed a bullfrog
  2156 | D:4      | Reached skill level 3 in Unarmed Combat
  2156 | D:4      | Gained mutation: You have a tail ending in a sharp stinger.
                  | [demonic ancestry]
  2156 | D:4      | Reached XP level 5. HP: 28/42 MP: 8/8
  2297 | D:4      | Reached skill level 4 in Unarmed Combat
  2297 | D:4      | Reached XP level 6. HP: 30/49 MP: 9/9
  2344 | D:4      | Noticed a steam dragon
  2387 | D:5      | Entered Level 5 of the Dungeon
  2666 | D:5      | Found Metao's Tremendous Tomes.
  3195 | D:5      | Found a runed translucent door.
  3196 | D:5      | Noticed Crazy Yiuf
  3499 | D:6      | Reached skill level 5 in Fighting
  3499 | D:6      | Reached skill level 5 in Unarmed Combat
  3514 | D:6      | Gained mutation: A weak demonic guardian rushes to your
                  | aid. [demonic ancestry]
  3514 | D:6      | Reached XP level 7. HP: 11/56 MP: 10/10
  3880 | D:6      | Noticed Menkaure
  3889 | D:6      | Killed Menkaure
  3890 | D:6      | Reached skill level 6 in Unarmed Combat
  4137 | D:6      | Gained mutation: A meltable shield of frost defends you.
                  | (SH +0) [demonic ancestry]
  4137 | D:6      | Reached XP level 8. HP: 65/65 MP: 11/11
  4664 | D:7      | Reached skill level 7 in Unarmed Combat
  5065 | D:7      | Reached skill level 1 in Shields
  5161 | D:7      | Noticed Pikel
  5191 | D:7      | Reached XP level 9. HP: 64/74 MP: 12/12
  5210 | D:7      | Killed Pikel
  5411 | D:7      | Reached skill level 8 in Unarmed Combat
  5583 | D:7      | Found Jamuos's Weapon Emporium.
  5617 | D:7      | Identified the +8 dagger of Upaw {pain, rElec rF+ Will-
                  | SInv}
  5969 | D:4      | Found a staircase to the Ecumenical Temple.
  5979 | Temple   | Entered the Ecumenical Temple
  5990 | Temple   | Became a worshipper of Gozag Ym Sagoz the Greedy
  6380 | D:8      | Found a sparkling altar of Nemelex Xobeh.
  6380 | D:8      | Found a shimmering blue altar of Sif Muna.
  6475 | D:8      | Gained mutation: You have hoof-like feet. [demonic
                  | ancestry]
  6475 | D:8      | Reached XP level 10. HP: 41/83 MP: 13/13
  6497 | D:8      | Reached skill level 9 in Unarmed Combat
  7091 | D:9      | Noticed a two-headed ogre
  7101 | D:9      | Killed a two-headed ogre
  7102 | D:9      | Reached skill level 5 in Shields
  7136 | D:9      | Found a staircase to the Lair.
  7136 | D:9      | Noticed a cane toad
  7263 | D:9      | Reached skill level 10 in Fighting
  7337 | D:9      | Found a radiant altar of Vehumet.
  7384 | D:10     | Entered Level 10 of the Dungeon
  7424 | D:10     | Noticed Lodul
  7450 | D:10     | Killed Lodul
  7451 | D:10     | Reached skill level 10 in Unarmed Combat
  7752 | D:10     | Noticed Grum
  7756 | D:10     | Killed Grum
  7757 | D:10     | Reached skill level 5 in Dodging
  7902 | D:10     | Reached XP level 11. HP: 90/90 MP: 14/14
  9117 | D:11     | Noticed Erolcha
  9144 | D:11     | Killed Erolcha
  9952 | D:9      | Noticed a centaur warrior
  9960 | D:9      | Identified the +3 sling of the Final Chapter {antimagic,
                  | +Blink}
  9960 | D:9      | Noticed a centaur warrior
  9979 | D:9      | Killed a centaur warrior
  9980 | D:9      | Reached skill level 10 in Dodging
  9992 | D:9      | Killed a centaur warrior
 10054 | D:9      | Identified the staff of the Foremost Ships {^Drain *Slow
                  | rElec rPois Ice Air}
 10054 | D:9      | Noticed a centaur warrior
 10061 | D:9      | Killed a centaur warrior
 10242 | D:9      | Learned a level 3 spell: Ozocubu's Armour
 10246 | D:9      | Learned a level 3 spell: Frozen Ramparts
 10250 | D:9      | Learned a level 3 spell: Swiftness
 10631 | Lair:1   | Entered Level 1 of the Lair of Beasts
 10644 | D:9      | Reached skill level 1 in Ice Magic
 10697 | Lair:1   | Gained mutation: You have a pair of horns on your head.
                  | [demonic ancestry]
 10697 | Lair:1   | Reached XP level 12. HP: 86/98 MP: 15/15
 10699 | Lair:1   | Noticed a boulder beetle
 10737 | Lair:1   | Killed a boulder beetle
 10867 | Lair:1   | Noticed Urug
 10869 | Lair:1   | Reached skill level 5 in Ice Magic
 10900 | Lair:1   | Killed Urug
 11667 | Lair:2   | Identified the ring "Puimug" {rN+ Will++ Int-4}
 11682 | Lair:2   | Identified the +5 ring mail "Wuhis" {Harm Str+3 Int+2}
 11742 | Lair:2   | Found a staircase to the Swamp.
 11979 | Lair:2   | Reached skill level 11 in Unarmed Combat
 11994 | Lair:2   | Bought a scroll of vulnerability for 44 gold pieces
 11994 | Lair:2   | Bought a scroll of fear for 44 gold pieces
 11994 | Lair:2   | Bought a scroll of summoning for 104 gold pieces
 11996 | Lair:2   | Bought a +1 buckler of protection for 264 gold pieces
 11996 | Lair:2   | Bought a +2 cloak of willpower for 344 gold pieces
 12394 | Lair:2   | Noticed a six-headed hydra
 12408 | Lair:2   | Gained mutation: You have hooves in place of feet. [demonic
                  | ancestry]
 12408 | Lair:2   | Reached XP level 13. HP: 105/105 MP: 13/16
 12994 | Lair:3   | Found a staircase to the Snake Pit.
 13036 | Lair:3   | Reached skill level 12 in Unarmed Combat
 13722 | Lair:3   | Noticed a minotaur
 13729 | Lair:3   | Noticed Juseph's ghost (journeyman HOFi)
 13747 | Lair:3   | Found a runed translucent gate.
 13747 | Lair:3   | Found a runed translucent gate.
 13747 | Lair:3   | Found a runed translucent gate.
 13887 | Lair:3   | Killed Juseph's ghost
 13903 | Lair:3   | Killed a minotaur
 14196 | Lair:3   | Reached skill level 13 in Unarmed Combat
 14418 | Lair:4   | Identified the +2 robe of Distant Shores {Harm Will+ Int-5
                  | Dex+4}
 14585 | Lair:4   | Found a staircase to the Slime Pits.
 14586 | Lair:4   | Found a viscous altar of Jiyva.
 15049 | Lair:5   | Entered Level 5 of the Lair of Beasts
 15135 | Lair:5   | Reached skill level 14 in Unarmed Combat
 15135 | Lair:5   | Reached XP level 14. HP: 98/118 MP: 13/17
 15223 | Lair:5   | Found the -2 hat of the Alchemist {rElec rPois rF+ rC+ rN+
                  | Will+ rMut rCorr}
 15225 | Lair:5   | Found a burning altar of Makhleb.
 15693 | Lair:5   | Reached skill level 15 in Unarmed Combat
 15799 | Lair:5   | Reached skill level 15 in Fighting
 16103 | Lair:5   | Identified the +6 whip of Uskayaw {protect, rElec Int+4}
 16606 | D:12     | Identified the ring "Ycist" {Will- Str+3 Dex+6 SInv}
 16881 | D:12     | Noticed Kirke
 16894 | D:12     | Killed Kirke
 17095 | D:12     | Reached skill level 16 in Unarmed Combat
 17297 | D:12     | Gained mutation: You have a pair of large horns on your
                  | head. [demonic ancestry]
 17297 | D:12     | Reached XP level 15. HP: 113/131 MP: 18/18
 17331 | D:12     | Identified the amulet of the Middle {Faith rC++ Stlth+}
 17458 | D:12     | Found a portal to a secret trove of treasure.
 17461 | D:12     | Found a staircase to the Orcish Mines.
 17831 | Orc:1    | Entered Level 1 of the Orcish Mines
 17834 | Orc:1    | Noticed Nergalle
 17840 | Orc:1    | Killed Nergalle
 18355 | Orc:2    | Entered Level 2 of the Orcish Mines
 18471 | Orc:2    | Found a staircase to the Elven Halls.
 18522 | Orc:2    | Found Talargh's Assorted Antiques.
 18535 | Orc:2    | Found Raazeunok's Antique Weapon Shop.
 18624 | Orc:2    | HP: 6/133 [orc warlord/+0 dire flail (34)]
 18804 | Orc:2    | Found Mohuo's Jewellery Shoppe.
 18832 | Orc:2    | Bought a granite talisman for 900 gold pieces
 18884 | Orc:2    | Found Eleneacs's Antique Armour Emporium.
 18964 | Orc:2    | Reached skill level 17 in Unarmed Combat
 18967 | Orc:2    | Reached skill level 1 in Shapeshifting
 19108 | Orc:2    | Found Ullolos's General Store.
 19294 | Orc:2    | Bought the +18 shield of the Gong {Loud rN+ Will+ rCorr
                  | EV-5} for 3260 gold pieces
 19294 | Orc:2    | Found the +18 shield of the Gong {Loud rN+ Will+ rCorr
                  | EV-5}
 19646 | D:13     | Reached skill level 5 in Shapeshifting
 19903 | D:13     | Found a gate to the Vaults.
 19978 | D:13     | Found a transporter.
 20006 | D:13     | Noticed Qaeguxoz's ghost (journeyman MDNe)
 20075 | D:13     | Got the Book of the Dusty Winter
 20126 | D:13     | Found a transporter.
 20378 | D:14     | Found a transporter.
 20423 | D:14     | Noticed Nessos
 20447 | D:14     | Killed Nessos
 20503 | D:14     | Found a gate leading to a gauntlet.
 20512 | Gauntlet | Entered a Gauntlet
 20512 | Gauntlet | Found a large runed translucent door.
 20512 | Gauntlet | Found a large runed translucent door.
 20512 | Gauntlet | Found a large runed translucent door.
 20512 | Gauntlet | Found a large runed translucent door.
 20512 | Gauntlet | Found a large runed translucent door.
 20512 | Gauntlet | Found a large runed translucent door.
 20512 | Gauntlet | Found a large runed translucent door.
 20512 | Gauntlet | Found a large runed translucent door.
 20512 | Gauntlet | Found a runed translucent door.
 20512 | Gauntlet | Found a runed translucent gate.
 20512 | Gauntlet | Found a transporter.
 20512 | Gauntlet | Found a transporter.
 20512 | Gauntlet | Found a runed translucent gate.
 20512 | Gauntlet | Found a transporter.
 20515 | Gauntlet | Found a transporter.
 20516 | Gauntlet | Found a transporter.
 20516 | Gauntlet | Found a runed translucent gate.
 20516 | Gauntlet | Found a runed translucent door.
 20521 | Gauntlet | Found a large runed translucent door.
 20521 | Gauntlet | Found a large runed translucent door.
 20526 | Gauntlet | Found a transporter.
 20530 | Gauntlet | Found a transporter.
 20540 | Gauntlet | Found a transporter.
 20586 | Gauntlet | Found a large runed translucent door.
 20586 | Gauntlet | Found a large runed translucent door.
 20589 | Gauntlet | Found a large runed translucent door.
 20589 | Gauntlet | Found a large runed translucent door.
 20590 | Gauntlet | Found a large runed translucent door.
 20591 | Gauntlet | Found a large runed translucent door.
 20631 | Gauntlet | Found a transporter.
 20641 | Gauntlet | Found a transporter.
 20645 | Gauntlet | Found a transporter.
 20655 | Gauntlet | Found a transporter.
 20809 | Gauntlet | Identified the +4 great mace of the Grinning Gods {drain,
                  | *Slow Int+7 Stlth+}
 20881 | Gauntlet | Identified the +5 longbow "Stringbean" {drain, rPois Will++
                  | rCorr Int-3}
 21021 | D:14     | Found a transporter.
 21023 | D:14     | Found Sesso's Assorted Antiques.
 21185 | D:14     | Identified the +5 trident of the Grave {freeze, Str+3 Dex+4
                  | Stlth+}
 21189 | D:14     | Identified the +6 ring mail of the True Pharaoh {rCorr
                  | Stlth+}
 21395 | D:14     | Bought 2 potions of ambrosia for 464 gold pieces
 21395 | D:14     | Bought a potion of lignification for 87 gold pieces
 21472 | D:15     | Entered Level 15 of the Dungeon
 21489 | D:15     | Reached XP level 16. HP: 130/141 MP: 19/19
 21543 | D:15     | Noticed Agnes
 21556 | D:14     | Killed Agnes
 21812 | D:15     | Noticed Rupert
 21828 | D:15     | Killed Rupert
 21918 | D:15     | Found an iron altar of Okawaru.
 22202 | D:15     | Found a staircase to the Depths.
 22373 | D:15     | Identified the ring of the Firefly {rC+ AC+4 Stlth+}
 22521 | D:15     | Noticed Roxanne
 22556 | D:15     | Killed Roxanne
 23154 | Swamp:1  | Entered Level 1 of the Swamp
 23173 | Lair:2   | Reached skill level 10 in Shapeshifting
 23302 | Lair:2   | HP: 5/141 [poison (poison gas)]
 23535 | Elf:1    | Entered Level 1 of the Elven Halls
 23537 | Elf:1    | Paralysed by an air elemental for 1 turns
 23544 | Elf:1    | Paralysed by an air elemental for 1 turns
 23548 | Orc:2    | Paralysed by an air elemental for 1 turns
 23910 | Elf:1    | Found Optan's Antique Weapon Shop.
 23995 | Elf:1    | Identified the +10 spear of Aridd {venom, Int+8}
 24067 | Elf:1    | Paralysed by an air elemental for 1 turns
 24076 | Elf:1    | Paralysed by an air elemental for 1 turns
 24082 | Elf:1    | Paralysed by an air elemental for 1 turns
 25250 | Elf:2    | Found a runed translucent gate.
 25250 | Elf:2    | Found a runed translucent gate.
 25250 | Elf:2    | Found a runed translucent gate.
 25325 | Elf:2    | Gained mutation: You have a sharp stinger which inflicts
                  | weakening toxins. [demonic ancestry]
 25325 | Elf:2    | Reached XP level 17. HP: 129/147 MP: 20/20
 25328 | Elf:2    | Found Gino's General Store.
 25336 | Elf:2    | Bought a potion of heal wounds for 70 gold pieces
 25625 | Elf:3    | Entered Level 3 of the Elven Halls
 25678 | Elf:3    | Noticed a Tzitzimitl
 25732 | Elf:3    | Noticed a Tzitzimitl
 25766 | Elf:3    | Found a flickering gateway to a bazaar.
 25775 | Bazaar   | Entered a bazaar
 25799 | Bazaar   | Found Pedeba Agga's Assorted Antiques.
 25800 | Bazaar   | Found Jutajis's Armour Shoppe.
 25823 | Bazaar   | Bought a yellow potion for 24 gold pieces
 25845 | Bazaar   | Found Xikkaorch's Magic Scroll Emporium.
 25845 | Bazaar   | Found Xounk's Book Emporium.
 25853 | Bazaar   | Bought a scroll of teleportation for 33 gold pieces
 25853 | Bazaar   | Bought a scroll of blinking for 82 gold pieces
 25853 | Bazaar   | Bought a scroll of immolation for 44 gold pieces
 25853 | Bazaar   | Bought a scroll of teleportation for 33 gold pieces
 25853 | Bazaar   | Bought a scroll of blinking for 82 gold pieces
 26787 | Swamp:2  | Noticed a tentacled monstrosity
 26795 | Swamp:2  | Killed a tentacled monstrosity
 27032 | Swamp:2  | Identified the +3 orcbow "Keos" {elec, +Blink rElec rF-
                  | rN+}
 27654 | Swamp:3  | Reached skill level 15 in Shapeshifting
 28116 | Swamp:3  | Identified the +0 chain mail of Vampiric Thralls {Int+3}
 28575 | Swamp:4  | Entered Level 4 of the Swamp
 28789 | Swamp:4  | Gained mutation: A demonic guardian rushes to your aid.
                  | [demonic ancestry]
 28789 | Swamp:4  | Reached XP level 18. HP: 154/154 MP: 21/21
 29119 | Swamp:4  | Identified the +5 war axe of Flawed Execution {freeze,
                  | Int+6}
 29179 | Swamp:4  | Got a decaying rune of Zot
 29624 | Snake:1  | Entered Level 1 of the Snake Pit
 29661 | Snake:1  | Identified the serpent talisman of Xusemmat {rN+ Str+3}
 29661 | Snake:1  | Noticed Aizul
 29672 | Snake:1  | Killed Aizul
 29681 | Snake:1  | Noticed Asterion
 29684 | Snake:1  | Noticed Donald
 29689 | Snake:1  | Killed Asterion
 29707 | Snake:1  | Killed Donald
 29774 | Snake:1  | Noticed Nikola
 29776 | Snake:1  | Noticed Louise
 29782 | Snake:1  | Killed Louise
 29791 | Snake:1  | Killed Nikola
 30897 | Snake:2  | Identified the +10 dagger of Izemamm {speed, rN++ Will+}
 31306 | Snake:2  | Found Pasufem's Distillery.
 31307 | Snake:2  | Found Suir's Antique Weapon Shoppe.
 31307 | Snake:2  | Found Raoxt's Armour Emporium.
 31312 | Snake:2  | Found Uluurutwy's Book Emporium.
 31347 | Snake:2  | Bought a potion of haste for 150 gold pieces
 31347 | Snake:2  | Bought a potion of haste for 150 gold pieces
 31347 | Snake:2  | Bought a potion of heal wounds for 75 gold pieces
 31347 | Snake:2  | Bought a potion of curing for 45 gold pieces
 31347 | Snake:2  | Bought a potion of heal wounds for 75 gold pieces
 31347 | Snake:2  | Bought a potion of heal wounds for 75 gold pieces
 31347 | Snake:2  | Bought 2 potions of haste for 300 gold pieces
 31635 | Snake:3  | Found a transporter.
 31654 | Snake:3  | Noticed araganzar's ghost (adept DsRe)
 31716 | Snake:3  | Found Vylacveh's Distillery.
 31719 | Snake:3  | Bought a potion of heal wounds for 85 gold pieces
 31719 | Snake:3  | Bought a potion of resistance for 170 gold pieces
 31719 | Snake:3  | Bought a potion of cancellation for 136 gold pieces
 31719 | Snake:3  | Bought a potion of mutation for 136 gold pieces
 31719 | Snake:3  | Bought a potion of enlightenment for 85 gold pieces
 31719 | Snake:3  | Bought a potion of attraction for 51 gold pieces
 31719 | Snake:3  | Bought a potion of haste for 170 gold pieces
 31767 | Snake:3  | Reached skill level 18 in Unarmed Combat
 31864 | Snake:3  | Found a transporter.
 32222 | Snake:4  | Entered Level 4 of the Snake Pit
 32773 | Snake:4  | Gained mutation: A meltable icy envelope protects you from
                  | harm. (AC +0) [demonic ancestry]
 32773 | Snake:4  | Reached XP level 19. HP: 163/163 MP: 22/22
 33739 | Snake:4  | Got a serpentine rune of Zot
 34059 | Vaults:1 | Entered Level 1 of the Vaults
 34539 | Vaults:1 | Paralysed by a sphinx for 5 turns
 34590 | Vaults:1 | Reached skill level 19 in Unarmed Combat
 35827 | Vaults:2 | Gained mutation: A meltable icy envelope protects you from
                  | harm. (AC +0) [demonic ancestry]
 35827 | Vaults:2 | Reached XP level 20. HP: 172/172 MP: 23/23
 36330 | Vaults:2 | Found a staircase to the Crypt.
 36956 | Vaults:3 | Reached skill level 20 in Unarmed Combat
 37208 | Vaults:3 | Identified the +2 leather armour of Fedhas, Enchanting
                  | {Int+3}
 37551 | Vaults:3 | Reached skill level 10 in Shields
 38047 | Vaults:3 | Found Yppo's Magic Scroll Shoppe.
 38055 | Vaults:3 | Bought a scroll of blinking for 97 gold pieces
 38055 | Vaults:3 | Bought a scroll of acquirement for 676 gold pieces
 38055 | Vaults:3 | Acquired a manual of Shapeshifting
 38445 | Elf:3    | Found Loituvig's Antique Armour Boutique.
 38454 | Elf:3    | Found Kietzu Unyo's Antique Armour Shoppe.
 38612 | Elf:3    | Found Mapnu's Armour Shoppe.
 38685 | Elf:3    | Killed from afar by a deep elf sorcerer

Illustrated notes

Levels and vault maps discovered:
D:1:      nicolae_arrival_memento_mori, layout_loops_ring,
          chequers_serial_rivers_large_b, minivault_26
D:2:      layout_loops_ring, basic_altar
D:3:      layout_basic, serial_glass, glass_columns_a, glass_columns_a,
          glass_columns_a, glass_columns_a, glass_columns_a, glass_columns_b,
          glass_columns_a, glass_columns_c, glass_columns_a, glass_columns_a
D:4:      layout_cave_pools, minmay_temple_entry_junction_2
D:5:      layout_basic, hex_large, nicolae_shop_i_like_big_books,
          uniq_crazy_yiuf_cottage
D:6:      layout_cave_pods, kennysheep_generic_room_10, uniq_menkaure
D:7:      layout_rooms, serial_shops, nicolae_shop_tiny_statue_garden,
          dilly_guarded_unrand_morg, uniq_pikel
D:8:      layout_basic, nicolae_overflow_two_pavilions, minmay_ruffians
D:9:      minmay_the_grid_triangle_9x9_recursive_2
          [minmay_the_grid_triangle_9x9_prize_schism,
          minmay_the_grid_triangle_9x9_corruption,
          minmay_the_grid_triangle_9x9_corrupted_corridor,
          minmay_the_grid_triangle_9x9_empty], layout_basic, vehumet_crystals,
          dpeg_lair_monsters
D:10:     layout_basic, serial_park_tiny_pond, minmay_fire_ice_demons,
          uniq_grum, uniq_lodul
D:11:     layout_stronghold, nrook_loot_triangle, uniq_erolcha
D:12:     minmay_swirls_squares, layout_basic, enter_trove_0, uniq_kirke
D:13:     layout_rooms, david_vaults_1, gammafunk_ghost_abyssal_escape,
          cheibrodos_lost_city_excavation
D:14:     layout_small_grid, gauntlet_entry_generic, kennysheep_flooded_box,
          serial_shops, nicolae_shop_drivethru, nicolae_titane, uniq_nessos
D:15:     hangedman_depths_entry_civil_slaughter, layout_layer_cave,
          okawaru_metal_pillars_1_2, uniq_rupert, uniq_roxanne, uniq_agnes
Temple:   nicolae_temple_bog_church
Lair:1:   layout_hall_layers, evilmike_ambush [evilmike_ambush_outer_pillars,
          evilmike_ambush_inner_basic], uniq_urug
Lair:2:   layout_chaotic_city, nicolae_swamp_entry_splash_gauntlet,
          cheibrodos_lair_caveside_slide, kennysheep_rathole
Lair:3:   layout_cave_pods, guppyfry_snake_entry_island,
          maelrawn_ghost_gauntlet_escape, evilmike_ambush
          [evilmike_ambush_outer_basic, evilmike_ambush_inner_pond]
Lair:4:   layout_cave_pods, nicolae_slime_entry_slimehenge
Lair:5:   minmay_lair_end_enchanted_forest, layout_hall_layers,
          minmay_lair_oklob_bushes, lemuel_oklob_altar
Swamp:1:  layout_falls_marsh, evilmike_swamp_ruin_house_6, swamp_pool_1_2
Swamp:2:  layout_basic_swamp, serial_swamp_ruin, hangedman_swamp_ruin_wall,
          evilmike_swamp_ruin_wall, evilmike_swamp_ruin_house_1
Swamp:3:  layout_basic_swamp, evilmike_swamp_ruin_house_2, swamp_pool_4,
          nicolae_swamp_soggy_hallways
Swamp:4:  swamp_alternative, layout_basic_swamp, infiniplex_staircase_pool,
          nicolae_swamp_decorative_isthmus
Snake:1:  layout_grid_maze, uniq_asterion, uniq_donald, uniq_louise, uniq_aizul,
          uniq_nikola
Snake:2:  layout_onion_interference, serial_shops, bzr_entry_safe,
          minmay_shoptagon, nicolae_triple_integral
Snake:3:  layout_cave_town, serial_shops, nicolae_shop_statue_plus,
          gammafunk_ghost_arena
Snake:4:  hellmonk_snake_rune_quicksilver_temple, layout_cave_town, st_stairs_14
Orc:1:    layout_caves, nicolae_orc_damp_corner, uniq_nergalle
Orc:2:    grunt_orc_gardens, layout_caves, grunt_orc_garden, grunt_orc_garden,
          grunt_orc_garden, grunt_orc_garden, serial_shops,
          nicolae_shop_window_shopping
Elf:1:    nicolae_elf_arrival_aired_out, layout_gridlike, serial_shops, shop,
          minmay_elf_crystal_heptagon, grunt_megastairs_5
Elf:2:    elven_hall_of_blades_hangedman_original [mumra_blade_entry_dagger],
          layout_onion_city, serial_shops, shop
Elf:3:    elf_hall, layout_rooms, serial_shops, bzr_entry_gold,
          nicolae_shop_tiny_glass, shop, shop, nicolae_square_shop,
          grunt_ministairs_14
Vaults:1: ontoclasm_vaults_gateway, grunt_vaults_swirl, st_squares,
          nicolae_vaults_storage_closets_3, nicolae_vaults_tangram_1,
          ontoclasm_vaults_ring_square, v_misc_17, v_misc_12,
          nicolae_vaults_tetromino_Z_2, nicolae_vaults_house_1, v_misc_10,
          nicolae_vaults_house_3, v_rooms_5, grunt_vaults_funnel,
          layout_vaults_omnicross
Vaults:2: vaults_room_boxed, minmay_crypt_entry_simple_box,
          nicolae_vaults_weapon_check, nicolae_vaults_storage_room_water,
          nicolae_vaults_asterisk, v_pattern_5, v_rooms_6,
          nicolae_vaults_tetromino_L_1, nicolae_vaults_border_crossing,
          nicolae_vaults_double_plus_1, vaults_room_door_ring,
          nicolae_vaults_apartment_1, vaults_dpeg_emergency_exit,
          layout_vaults_chaotic_city
Vaults:3: nicolae_vaults_cochlea, nicolae_vaults_trapezoid_3, vaults_dpeg_cross,
          nicolae_vaults_doubleplus_tesselated, v_pattern_2,
          vaults_room_octagon, nicolae_vaults_yaktaur_gun_rack,
          hangedman_vaults_maws, hangedman_vaults_cutoff,
          nicolae_vaults_network_periphery, dpeg_vaults_monster_doublerow,
          ontoclasm_vaults_ring_square, nicolae_vaults_theta,
          ontoclasm_vaults_twist, nicolae_vaults_trapezoid_4,
          layout_vaults_omnibox, serial_shops, nicolae_shop_peninsula

Skill      XL: |  1  2  3  4  5  6  7  8  9 10 11 12 13 14 15 16 17 18 19 20 |
---------------+-------------------------------------------------------------+-----
Fighting       | 3 4 5 6 8 9 10 13 16 17 18 19 | 19.6
Unarmed Combat | 1 2 3 4 5 6 7 8 10 11 14 16 17 18 19 20 | 20.6
Shields        | 2 4 5 7 9 10 | 10.4
Dodging        | 6 10 | 10.0
Ice Magic      | 2 8 |  8.5
Shapeshifting  | 7 12 16 17 | 17.8
Long Blades    | |  2.6
Spellcasting   | |  2.0
Conjurations   | |  3.0

Action                     |  1- 3 |  4- 6 |  7- 9 | 10-12 | 13-15 | 16-18 | 19-21 || total
---------------------------+-------+-------+-------+-------+-------+-------+-------++-------
  Melee: Falchion          |    45 |       |       |       |       |       |       ||    45
         Spear             |    66 |    23 |       |       |       |       |       ||    89
         Tailslap          |    13 |    10 |    42 |   143 |   218 |   144 |   125 ||   695
         Kick              |     9 |    27 |    73 |   294 |   481 |   320 |   281 ||  1485
         Headbutt          |       |    22 |    48 |   196 |   309 |   194 |   154 ||   923
         Unarmed           |       |   100 |   311 |   786 |  1195 |   925 |   654 ||  3971
         Punch             |       |     2 |     3 |       |       |       |       ||     5
         Short sword       |       |       |       |     4 |       |       |       ||     4
  Throw: Stone             |       |     1 |    13 |     2 |     9 |       |       ||    25
   Cast: Ozocubu's Armour  |       |       |       |    21 |    40 |    13 |    10 ||    84
         Frozen Ramparts   |       |       |       |     2 |       |       |       ||     2
 Invoke: Call Merchant     |       |       |       |     2 |       |       |       ||     2
Ability: Begin Untransform |       |       |       |       |       |       |     1 ||     1
  Evoke: Wand              |       |       |    12 |    14 |     6 |     6 |     1 ||    39
         Condenser vane    |       |       |       |     1 |     2 |     2 |     1 ||     6
    Use: Scroll            |    10 |     4 |     6 |     6 |    11 |     9 |     1 ||    47
         Potion            |       |     3 |     2 |     1 |     5 |     2 |       ||    13
   Stab: Sleeping          |     1 |     1 |       |       |       |     2 |     4 ||     8
         Distracted        |       |       |       |     5 |    11 |     5 |     5 ||    26
         Confused          |       |       |       |     1 |     1 |       |     2 ||     4
         Invisible         |       |       |       |       |     2 |       |       ||     2
 Armour: Troll leather arm |    71 |    58 |    90 |   237 |   573 |   221 |       ||  1250
         Skin              |       |    28 |    21 |       |       |  1050 |   636 ||  1735
  Dodge: Dodged            |    65 |    47 |   193 |   475 |   459 |   377 |   348 ||  1964
  Block: Buckler           |       |       |    58 |   302 |   372 |       |       ||   732
         Other             |       |       |    13 |       |       |       |       ||    13
         Kite shield       |       |       |       |       |   246 |  1439 |   518 ||  2203
   Form: Statue            |       |       |       |       |       |     1 |     1 ||     2

Table legend: (Time is in decaauts)
 A = Elapsed time spent in this place.
 B = Non-inter-level travel time spent in this place.
 C = Inter-level travel time spent in this place.
 D = Time resting spent in this place.
 E = Time spent auto-exploring this place.
 F = Levels seen in this place.
 G = Mean time per level.
                   A        B        C        D        E       F      G
               +--------+--------+--------+--------+--------+-----+--------+
         Total |  45153 |  41428 |   3725 |   4187 |  26308 |  39 | 1157.8 |
       Dungeon |  15759 |  14183 |   1576 |   1180 |   9451 |  15 | 1050.6 |
        Temple |     25 |      5 |     20 |      0 |      0 |   1 |   25.0 |
          Lair |   6183 |   5485 |    698 |    376 |   3250 |   5 | 1236.6 |
         Swamp |   5423 |   5078 |    345 |   1126 |   2930 |   4 | 1355.8 |
     Snake Pit |   6252 |   5990 |    262 |    598 |   3876 |   4 | 1563.0 |
  Orcish Mines |   1600 |   1451 |    149 |    126 |    838 |   2 |  800.0 |
   Elven Halls |   3228 |   2888 |    340 |    539 |   1409 |   3 | 1076.0 |
        Vaults |   6143 |   5811 |    332 |    238 |   4218 |   3 | 2047.7 |
        Bazaar |    154 |    154 |      0 |      0 |    127 |   1 |  154.0 |
      Gauntlet |    383 |    383 |      0 |      2 |    206 |   1 |  383.0 |
               +--------+--------+--------+--------+--------+-----+--------+

Top non-repeatable levels by time:
 Snake:4: 2301 daAuts
Vaults:2: 2224 daAuts
Vaults:1: 2065 daAuts
Vaults:3: 1853 daAuts
 Swamp:3: 1823 daAuts
  Lair:2: 1766 daAuts
    D:12: 1723 daAuts
   Elf:1: 1706 daAuts
  Lair:3: 1523 daAuts
 Snake:2: 1497 daAuts
 Snake:1: 1464 daAuts
 Swamp:2: 1462 daAuts
     D:6: 1409 daAuts
    D:10: 1365 daAuts
     D:9: 1339 daAuts
